 Dungeon Sprint DCSS version 0.30-a0-723-gc1506a1cf0 (webtiles) character file.

Game seed: 18359404021359375860

2215 mandarbmax the Brawler (level 9, -9/102 HPs)
             Began as a Troll Gladiator on Jan 28, 2023.
             Was an Initiate of Cheibriados.
             Mangled by a kraken (19 damage)
             ... in the Dungeon (Sprint II: "The Violet Keep of Menkaure").
             The game lasted 00:06:41 (519 turns).

mandarbmax the Brawler (Troll Gladiator)             Turns: 519, Time: 00:06:41

Health: -9/102     AC: 10    Str: 32    XL:     9   Next: 13%
Magic:  8/8        EV: 11    Int:  5    God:    Cheibriados [......]
Gold:   126        SH:  0    Dex:  7    Spells: 8/8 levels left

rFire   . . .      SeeInvis .      - Unarmed
rCold   . . .      Faith    .    (no shield)
rNeg    + . .      Spirit   .    k - +2 robe {Will+}
rPois   .          Reflect  .    b - +0 hat
rElec   .          Harm     .    i - scarf {shadows}
rCorr   .          Rampage  .    (gloves unavailable)
Will    +....      NoTele   +    (boots unavailable)
Stlth   +                        (no amulet)
HPRegen 1.17/turn                a - ring of Wempes {rN+ AC+4 Str+3 Dex-5}
MPRegen 0.11/turn                (no ring)

@: very slow
A: large, unfitting armour, claws 3, regeneration 1, shaggy fur 1, tough skin 1
a: Renounce Religion


You were in the Dungeon.
You worshipped Cheibriados.
Cheibriados was noncommittal.
You visited 1 branch You collected 1064 gold pieces.
You spent 938 gold pieces at shops.

Inventory:

Missiles
 c - 3 throwing nets (quivered)
 d - a large rock
Armour
 b - a +0 hat (worn)
 i - a scarf of shadows (worn)
 k - a +2 robe of willpower (worn)
Jewellery
 a - the ring of Wempes (left claw) {rN+ AC+4 Str+3 Dex-5}
   (You bought it in a shop in the Dungeon)

   [ring of protection]

   AC:        It affects your AC (+4).
   Str:       It affects your strength (+3).
   Dex:       It affects your dexterity (-5).
   rN:        It protects you from negative energy.
Scrolls
 j - a scroll of blinking
Potions
 e - a potion of curing
 g - a potion of haste
 h - 2 potions of magic


   Skills:
 + Level 10.3 Fighting
 - Level 1.7 Throwing
 + Level 6.5 Dodging
 + Level 15.5 Unarmed Combat


You had 8 spell levels left.
You didn't know any spells.
Your spell library was empty.

Dungeon Overview and Level Annotations

Branches:
Dungeon (1/1)

Altars:
Cheibriados
Dithmenos
Elyvilon
Fedhas
Gozag
Hepliaklqana
Kikubaaqudgha
Makhleb
Nemelex Xobeh
Okawaru
Qazlal
Ru
Sif Muna
Trog
Uskayaw
Vehumet
Wu Jian
Xom
Yredelemnul
Zin
The Shining One
Jiyva
Lugonu

Shops:
D :==!!=!!([:([!?

Annotations:
D exclusions: ice statue and oklob plant


Innate Abilities, Weirdness & Mutations

You are too large for most types of armour.
You have claws for hands.
Your natural rate of healing is unusually fast.
You are covered in fur. (AC +1)
You have tough skin. (AC +1)


Message History

Cheibriados welcomes you!
Cheibriados begins to support your attributes as your movement slows.
Cheibriados is now slowing the effects of poison on you.
There is a roughly hewn altar of Beogh here.
You start resting.
You feel a little less mighty now.
You open the door.
You start resting.
HP restored.
There is an open door here.
You enter the shallow water.
Found 12 gold pieces and a glowing orange potion.
Found nine items.
Found four items.
Found 6 stones, a coppery potion and 25 gold pieces.
Found five items.
The water moccasin hisses angrily.
A kraken comes into view.
Okay, then.
Okay, then.
The kraken bites you!!! The kraken bites you!
You claw the kraken!
The kraken is lightly wounded.
The kraken bites you!!
You claw the kraken!
The kraken is lightly wounded.
The kraken completely misses you.
You mangle the kraken!!
The kraken is moderately wounded.
The kraken bites you!
* * * LOW HITPOINT WARNING * * *
Okay, then.
You eviscerate the kraken!!!
The kraken is heavily wounded.
The kraken bites you!
* * * LOW HITPOINT WARNING * * *
You mangle the kraken!!
The kraken is heavily wounded.
The kraken bites you!!
You die...

,*,,*,,*,,,,,,,,**,⌠,*,*,+~,,~+,*
.###*,,*,,,,,,,,**,,,*,*,+~,,~+,*
...####▓$?)?[!$$▓▓,,,*,*,+~,,~+,*
#^.##.#▓$!?!))$)▓▓,,,*,*,+~,,~+,*
+^.#..#▓??$$$?$?▓▓,,,*,*,+~,,~+,*
#^^#).#▓$!$$??!(▓▓,⌠,*,*,*~,,~*,*
#..##†#▓?!$?$[([▓▓,,,*,*,*~,,~*,*
##...##▓▓▓▓▓▓▓+▓▓▓▓+▓*,***~,,~***
.~~~~~~~~~~~~~..@X≈≈▓,,,,,,,,**
.~#'########+###.≈≈≈▓,,,,,,,**
.~#.._._._.#S~~##≈≈≈▓,,,,,,**
.~#._._._..#S§≈§*###▓****~**
~~#_._._._.#~~~§≈**,,*,,*~*
~~#._._._._#~§~≈§~*,,*,,*~*
≈~#.._._._.#~§§§§~+,,+,,*~*
§≈#..._._._#§§~~~~*,,*,,*~*
§≈#...._._.#~~~~~~*,,*,,*~*


You could see a kraken.

Vanquished Creatures
  A merfolk siren (D)
  A yaktaur (D)
  3 polar bears (D)
  A hornet (D)
  2 wyverns (D)
  Menkaure (D)
  A water moccasin (D)
  4 necrophages (D)
  A scorpion (D)
  3 worms (D)
18 creatures vanquished.

Notes
Turn   | Place    | Note
-------+----------+-------------------------------------------
     0 | D        | mandarbmax the Troll Gladiator began the quest for the Orb.
     0 | D        | Reached XP level 1. HP: 19/19 MP: 0/0
     7 | D        | Reached skill level 4 in Unarmed Combat
    12 | D        | Reached skill level 5 in Unarmed Combat
    12 | D        | Reached XP level 2. HP: 23/27 MP: 1/1
    46 | D        | Noticed an electric eel
    46 | D        | Noticed an electric eel
    47 | D        | Noticed an electric eel
    47 | D        | Noticed an electric eel
    47 | D        | Noticed an electric eel
    48 | D        | Noticed an electric eel
    48 | D        | Noticed Menkaure
    51 | D        | Killed Menkaure
    52 | D        | Reached skill level 10 in Unarmed Combat
    52 | D        | Reached XP level 3. HP: 10/33 MP: 2/2
    52 | D        | Reached XP level 4. HP: 12/41 MP: 3/3
    89 | D        | Noticed a wyvern
    90 | D        | Noticed a wyvern
    95 | D        | Killed a wyvern
    96 | D        | Reached skill level 11 in Unarmed Combat
    96 | D        | Reached XP level 5. HP: 38/55 MP: 4/4
    96 | D        | Reached XP level 6. HP: 45/65 MP: 5/5
    99 | D        | Killed a wyvern
   100 | D        | Reached skill level 12 in Unarmed Combat
   142 | D        | Noticed a water moccasin
   145 | D        | Killed a water moccasin
   148 | D        | Noticed a merfolk siren
   158 | D        | Killed a merfolk siren
   159 | D        | Reached skill level 13 in Unarmed Combat
   159 | D        | Reached XP level 7. HP: 62/81 MP: 6/6
   176 | D        | Noticed an ice statue
   189 | D        | Reached skill level 14 in Unarmed Combat
   199 | D        | Reached XP level 8. HP: 74/89 MP: 7/7
   217 | D        | Found Gyamuq's Magic Scroll Shop.
   218 | D        | Found Fiqezuo's Antique Weapon Boutique.
   218 | D        | Found Iratustegyka's Book Shop.
   218 | D        | Found Plog's Distillery.
   218 | D        | Found Inlobbuv's Distillery.
   218 | D        | Found Togor's Distillery.
   218 | D        | Found Belarch's Distillery.
   218 | D        | Found Rixy's Antique Armour Shop.
   218 | D        | Found Mivvoaguop's Jewellery Boutique.
   218 | D        | Found Xelakkui's Antique Armour Shop.
   218 | D        | Found Joxzac Vuf's Jewellery Boutique.
   219 | D        | Found Xolyi's Jewellery Boutique.
   220 | D        | Found Deqeydoss's Distillery.
   220 | D        | Found Lointiamm's Antique Weapon Shop.
   221 | D        | Noticed an oklob plant
   222 | D        | Found Popnigg's Book Shoppe.
   222 | D        | Noticed a slime creature
   222 | D        | Noticed a slime creature
   223 | D        | Bought a scroll of magic mapping for 82 gold pieces
   224 | D        | Noticed a slime creature
   229 | D        | Noticed a shining eye
   242 | D        | Bought a runed scarf for 176 gold pieces
   243 | D        | Bought an embroidered robe for 81 gold pieces
   260 | D        | Bought the ring of Wempes {rN+ AC+4 Str+3 Dex-5} for 559
                  | gold pieces
   262 | D        | Bought a potion of might for 40 gold pieces
   408 | D        | Found a hazy altar of Hepliaklqana.
   408 | D        | Found a snail-covered altar of Cheibriados.
   409 | D        | Found a stormy altar of Qazlal.
   409 | D        | Found a viscous altar of Jiyva.
   409 | D        | Found a shadowy altar of Dithmenos.
   410 | D        | Found a sacrificial altar of Ru.
   410 | D        | Found an ancient bone altar of Kikubaaqudgha.
   411 | D        | Found an ornate altar of the Wu Jian Council.
   411 | D        | Found a shimmering blue altar of Sif Muna.
   411 | D        | Found a corrupted altar of Lugonu.
   412 | D        | Found a shimmering altar of Xom.
   412 | D        | Found a bloodstained altar of Trog.
   414 | D        | Found a glowing golden altar of the Shining One.
   414 | D        | Found a basalt altar of Yredelemnul.
   415 | D        | Found a glowing silver altar of Zin.
   415 | D        | Noticed a yaktaur
   415 | D        | Noticed a hornet
   415 | D        | Noticed a polar bear
   415 | D        | Noticed a polar bear
   425 | D        | Killed a polar bear
   426 | D        | Noticed a polar bear
   428 | D        | Killed a polar bear
   429 | D        | Reached skill level 5 in Dodging
   431 | D        | Killed a hornet
   432 | D        | Reached skill level 15 in Unarmed Combat
   437 | D        | Killed a polar bear
   438 | D        | Reached skill level 10 in Fighting
   440 | D        | Killed a yaktaur
   441 | D        | Reached XP level 9. HP: 31/102 MP: 8/8
   449 | D        | Found a hide-covered altar of Uskayaw.
   451 | D        | Found a white marble altar of Elyvilon.
   451 | D        | Found a burning altar of Makhleb.
   452 | D        | Found a radiant altar of Vehumet.
   452 | D        | Found a blossoming altar of Fedhas.
   452 | D        | Found a sparkling altar of Nemelex Xobeh.
   454 | D        | Found an opulent altar of Gozag.
   454 | D        | Found an iron altar of Okawaru.
   458 | D        | Became a worshipper of Cheibriados the Contemplative
   510 | D        | Noticed a kraken
   519 | D        | Mangled by a kraken

Illustrated notes

Levels and vault maps discovered:
D:        the_violet_keep_of_menkaure [sprint2_stairs_cluster_1,
          sprint2_shoproom, sprint2_temple, sprint2_basic_supplies,
          sprint2_obstacle_2, sprint2_obstacle_4, sprint2_obstacle_7,
          sprint2_obstacle_1, sprint2_obstacle_3, sprint2_timed_cluster_1,
          sprint2_smallroom_cluster_1, sprint2_smallroom_final_cluster_1,
          sprint2_transparent_cluster_1, sprint2_second_timed_cluster_1,
          sprint2_sniper_area_1, sprint2_heavy_combat_area_1,
          sprint2_mutation_trap_area_1, sprint2_forest_area_1,
          sprint2_light_combat_area_1, sprint2_behind_water_1,
          sprint2_near_end_vault_1]

Skill      XL: |  1  2  3  4  5  6  7  8 |
---------------+-------------------------+-----
Unarmed Combat | 5 10 11 13 14 15 | 15.5
Fighting       | 4 8 10 | 10.3
Dodging        | 3 6 |  6.5
Throwing       | |  1.7

Action                     |  1- 3 |  4- 6 |  7- 9 || total
---------------------------+-------+-------+-------++-------
  Melee: Unarmed           |    11 |    17 |    45 ||    73
         Punch             |     1 |     2 |     3 ||     6
    Use: Potion            |     1 |       |     2 ||     3
         Scroll            |       |       |     1 ||     1
 Armour: Robe              |       |     1 |    16 ||    17
  Dodge: Dodged            |     3 |     6 |    32 ||    41

Table legend: (Time is in decaauts)
 A = Elapsed time spent in this place.
 B = Non-inter-level travel time spent in this place.
 C = Inter-level travel time spent in this place.
 D = Time resting spent in this place.
 E = Time spent auto-exploring this place.
 F = Levels seen in this place.
 G = Mean time per level.
                   A        B        C        D        E       F      G
               +--------+--------+--------+--------+--------+-----+--------+
         Total |    516 |    513 |      3 |    222 |      9 |   1 |  516.0 |
       Dungeon |    516 |    513 |      3 |    222 |      9 |   1 |  516.0 |
               +--------+--------+--------+--------+--------+-----+--------+

Top non-repeatable levels by time:
       D: 516 daAuts
